 Dungeon Crawl Stone Soup version 0.29.1-2-gbd0b4ee654 (webtiles) character file.

Game seed: 440957681293258354

56 zeram the Sneak (level 3, -1/21 HPs)
             Began as an Octopode Enchanter on Nov 13, 2022.
             Slain by a worm (4 damage)
             ... on level 2 of the Dungeon.
             The game lasted 00:02:05 (1253 turns).

zeram the Sneak (Octopode Enchanter)                Turns: 1253, Time: 00:02:06

Health: -1/21      AC:  1    Str:  7    XL:     3   Next: 97%
Magic:  5/7        EV: 13    Int: 19    God:
Gold:   55         SH:  0    Dex: 12    Spells: 5/7 levels left

rFire   . . .      SeeInvis .   a - +1 dagger
rCold   . . .      Faith    .   (no shield)
rNeg    + . .      Spirit   .   (helmet restricted)
rPois   .          Reflect  .   (no amulet)
rElec   .          Harm     .   c - ring of positive energy
rCorr   .          Rampage  .   (no ring)
Will    .....                   (no ring)
Stlth   ++++......              (no ring)
HPRegen 0.07/turn               (no ring)
MPRegen 0.10/turn               (no ring)
                                (no ring)
                                (no ring)

@: no status effects
A: almost no armour, amphibious, 8 rings, camouflage 1, gelatinous body 1,
(nimble swimmer 1), tentacles
a: no special abilities


You were on level 2 of the Dungeon.
You visited 1 branch of the dungeon, and saw 2 of its levels.

You collected 55 gold pieces.

Inventory:

Hand Weapons
 a - a +1 dagger (weapon)
Jewellery
 c - a ring of positive energy (left tentacle)
 f - a ring of positive energy
Scrolls
 d - a scroll of magic mapping {unknown}
 g - a scroll of teleportation {unknown}
Potions
 b - 3 potions of invisibility
 e - 2 potions of heal wounds {unknown}
 h - a potion of lignification {unknown}
 i - a potion of degeneration {unknown}


   Skills:
 + Level 1.1 Short Blades
 + Level 2.2 Dodging
 + Level 5.1 Stealth
 + Level 2.8 Spellcasting
 - Level 3.0 Hexes
 * Level 0.6 Ice Magic


You had 5 spell levels left.
You knew the following spells:

 Your Spells              Type           Power      Damage    Failure   Level
a - Ensorcelled Hibernat  Hex/Ice        18%        N/A       11%         2

Your spell library contained the following spells:

 Spells                   Type           Power      Damage    Failure   Level
 Confusing Touch          Hex            14%        N/A       14%         3
 Tukima's Dance           Hex            14%        N/A       14%         3
 Dazzling Flash           Conj/Hex       16%        N/A       26%         3
 Frozen Ramparts          Ice            10%        1d2       34%         3
 Ice Form                 Ice/Tmut       3%         N/A       80%         4
 Summon Ice Beast         Ice/Summ       3%         N/A       80%         4


Dungeon Overview and Level Annotations

Branches:
Dungeon (2/15)

Altars:

Shops:
D:1 [


Innate Abilities, Weirdness & Mutations

You cannot wear most types of armour.
You are amphibious.
You can wear up to eight rings at the same time.
Your skin changes colour to match your surroundings (Stealth+).
Your rubbery body absorbs attacks. (AC +1, EV +1)
((You are camouflaged when in or above water. (Stealth+)))
You have tentacles for arms and can constrict up to eight enemies at once.


Message History

An adder comes into view.
A worm comes into view.
The goblin misses you.
You closely miss the goblin. You grab the goblin. You constrict the goblin.
The adder hisses angrily.
The goblin closely misses you.
You completely miss the goblin. You squeeze the goblin.
You kill the goblin!
The adder bites you.
You are poisoned.
The adder poisons you!
You barely miss the adder. Your grab misses the adder.
You feel sick. The adder bites you.
You are more poisoned.
The adder poisons you!
You barely miss the adder. You grab the adder. You constrict the adder.
You feel sick. The adder misses you. x2
You are too injured to fight recklessly!
You are too injured to fight recklessly!
You are too injured to fight recklessly!
You hit the adder but do no damage.
The adder is lightly wounded.
You constrict the adder.
You feel sick. The adder bites you but does no damage.
You hit the adder. You squeeze the adder.
You kill the adder!
You feel sick.
You feel sick.
You see here an adder corpse.
You feel sick.
You feel sick.
Casting: Ensorcelled Hibernation (safe; 11% risk of failure)
Confirm with . or Enter, or press ? or * to list all spells.
Aiming: Ensorcelled Hibernation (safe; 11% risk of failure)
Press: ? - help, Shift-Dir - straight line, f - worm
Aim: a worm (chance to affect: 51%)
The worm resists with some effort.
You feel sick.
You feel sick.
You are no longer poisoned.
The worm bites you.
You die...

#..# ##.# #.#
#.# #.# #.#
#.#
###+########
.........@.#
........w..#
........†..#
..........)#
...........#
...........#
...........#
.......>...#
...........##


You could see a worm.

Vanquished Creatures
  A gnoll (D:1)
  2 adders (D:2)
  A worm (D:2)
  A dart slug (D:2)
  4 bats
  3 endoplasms (D:1)
  A goblin (D:2)
  A hobgoblin (D:2)
  3 kobolds
  4 ball pythons (D:1)
  2 frilled lizards (D:1)
  A rat (D:1)
24 creatures vanquished.

Vanquished Creatures (others)
  5 toadstools (D:1)
5 creatures vanquished.

Grand Total: 29 creatures vanquished

Notes
Turn   | Place    | Note
-------+----------+-------------------------------------------
     0 | D:1      | zeram the Octopode Enchanter began the quest for the Orb.
     0 | D:1      | Reached XP level 1. HP: 11/11 MP: 3/3
   247 | D:1      | Reached XP level 2. HP: 17/17 MP: 3/5
   441 | D:1      | Found Fen Peomihia's Armour Emporium.
   544 | D:1      | Reached XP level 3. HP: 21/21 MP: 7/7
   549 | D:1      | Learned a level 2 spell: Ensorcelled Hibernation
  1078 | D:2      | Found a faded altar of an unknown god.
  1184 | D:2      | Reached skill level 5 in Stealth
  1253 | D:2      | Slain by a worm

Illustrated notes

Levels and vault maps discovered:
D:1:      ldierk_walled_garden, layout_loops_cross, serial_shops, shop,
          minmay_misc_feat_square
D:2:      layout_basic, chequers_ecumenical_altar_simple_redux

Skill      XL: |  1  2  3 |
---------------+----------+-----
Stealth        | 5 |  5.1
Short Blades   | |  1.1
Dodging        | |  2.2
Spellcasting   | |  2.8
Hexes          | |  3.0
Ice Magic      | |  0.6

Action                   || total
-------------------------++-------
Melee: Dagger            ||    52
       Constrict         ||    11
       Tentacles         ||     6
       Punch             ||     1
 Cast: Ensorcelled Hiber ||     1
  Use: Scroll            ||     1
 Stab: Sleeping          ||     9
Armor: Skin              ||     7
Dodge: Dodged            ||    28
